 Dungeon Crawl Stone Soup version 0.29-a0-323-g050149af67 (webtiles) character file.

Game seed: 8619616543310845421

574 croobank the Skirmisher (level 7, -11/62 HPs)
             Began as a Minotaur Fighter on Apr 11, 2022.
             Splashed by a jelly's acid (12 damage)
             ... on level 4 of the Dungeon.
             The game lasted 00:08:29 (3573 turns).

croobank the Skirmisher (Minotaur Fighter)          Turns: 3573, Time: 00:08:31

Health: -11/62     AC: 10    Str: 22    XL:     7   Next: 12%
Magic:  0/6        EV:  9    Int:  5    God:
Gold:   226        SH:  5    Dex: 10    Spells: 6/6 levels left

rFire   . . .      SeeInvis .   a - +0 war axe
rCold   . . .      Faith    .   c - +0 buckler
rNeg    . . .      Spirit   +   b - +0 scale mail
rPois   .          Reflect  .   (helmet restricted)
rElec   .          Harm     .   t - +2 cloak
rCorr   .          Rampage  .   (no gloves)
Will    .....                   (no boots)
Stlth   ..........              l - amulet of guardian spirit
HPRegen 0.20/turn               (no ring)
MPRegen 0.10/turn               (no ring)

@: no status effects
A: horns 2, retaliatory headbutt
a: no special abilities


You were on level 4 of the Dungeon.
You visited 1 branch of the dungeon, and saw 4 of its levels.

You collected 226 gold pieces.

Inventory:

Hand Weapons
 a - a +0 war axe (weapon)
 g - a +2 dire flail
 h - a +3 halberd of freezing
Missiles
 i - 3 javelins (quivered)
 m - 14 poisoned darts
Armour
 b - a +0 scale mail (worn)
 c - a +0 buckler (worn)
 t - a +2 cloak (worn)
Jewellery
 l - an amulet of guardian spirit (around neck)
 q - an amulet of the acrobat
Potions
 d - 3 potions of might
 e - 3 potions of lignification
 k - a potion of cancellation
 s - a potion of experience {unknown}


   Skills:
 + Level 5.8 Fighting
 + Level 5.1 Axes
 + Level 5.8 Armour
 + Level 5.8 Shields


You had 6 spell levels left.
You didn't know any spells.
Your spell library was empty.

Dungeon Overview and Level Annotations

Branches:
Dungeon (4/15)
 Temple: D:4-7

Altars:
Ashenzari
Makhleb
Vehumet
The Shining One


Innate Abilities, Weirdness & Mutations

You have a pair of horns on your head.
You reflexively headbutt those who attack you in melee.


Message History

You headbutt the jelly, but do no damage.
The jelly is severely wounded.
The jelly completely misses you.
The jelly jiggles.
The jelly attacks as you move away! You block the jelly's attack.
The jelly attacks as you move away! The jelly hits you.
You are splashed with acid!
The jelly attacks as you move away! The jelly barely misses you.
The jelly attacks as you move away! The jelly hits you but does no damage.
You hit the jelly.
Your hands burn!
The jelly is almost dead.
The jelly hits you. The acid corrodes you!
You are splashed with acid!
* * * LOW HITPOINT WARNING * * *
The gnoll closely misses you. The jelly attacks as you move away!
The jelly closely misses you.
As you read the scroll labelled MOBIUV LOYRPH, it crumbles to dust.
It is a scroll of enchant weapon.
Your +1 dire flail glows red for a moment.
The jelly barely misses you. The gnoll misses you.
The jelly attacks as you move away! The jelly hits you.
* * * LOW HITPOINT WARNING * * *
You are splashed with acid.
* * * LOW HITPOINT WARNING * * *
The jelly attacks as you move away! The jelly barely misses you.
Found a scroll labelled LAOJOR MOLUTYU.
The gnoll shaman calls upon its god to speed up the gnoll.
The gnoll seems to speed up.
Okay, then.
The jelly attacks as you move away! The jelly hits you.
* * * LOW HITPOINT WARNING * * *
You are splashed with acid!
* * * LOW HITPOINT WARNING * * *
You are no longer corroded.
You open the door.
The gnoll hits you from afar with a +0 spear.
* * * LOW HITPOINT WARNING * * *
The jelly hits you.
* * * LOW HITPOINT WARNING * * *
You are splashed with acid!
You die... #.....#+#.......####.#######... #.....#.......(## #g# #.## #..z..#..####### #.# #.## #.....#.. #.# #.#. #K....#.. ########g#######.#. zz......

###.....g.....?....#.
...#####.
#.....g###.#######.#.
.z.# #....J.# #.#
...... ....# #...@..#
#.# .##... ###'####
#.# ...... #. ..#
...... .. ..# #.##...
... .. .. .... ....
#.... ..... #...
##....


You could see a gnoll shaman, a jelly and a gnoll (fast).

Vanquished Creatures
  An ogre (D:3)
  A scorpion (D:2)
  5 wights (D:4)
  2 jellies (D:3)
  A gnoll (D:4)
  2 adders
  A shadow imp (D:3)
  A worm (D:2)
  2 dart slugs
  2 orcs (D:3)
  6 endoplasms
  4 giant cockroaches
  10 goblins
  4 hobgoblins
  8 jackals
  4 quokkas
  7 ball pythons
  3 bats
  4 frilled lizards
  11 kobolds
  5 rats
84 creatures vanquished.

Vanquished Creatures (others)
  2 plants (D:1)
2 creatures vanquished.

Grand Total: 86 creatures vanquished

Notes
Turn   | Place    | Note
-------+----------+-------------------------------------------
     0 | D:1      | croobank the Minotaur Fighter began the quest for the Orb.
     0 | D:1      | Reached XP level 1. HP: 19/19 MP: 0/0
   156 | D:1      | Reached XP level 2. HP: 27/27 MP: 1/1
   897 | D:1      | Found a faded altar of an unknown god.
   961 | D:1      | Reached XP level 3. HP: 33/33 MP: 2/2
  1327 | D:2      | Found a radiant altar of Vehumet.
  1657 | D:2      | Noticed a scorpion
  1671 | D:2      | Killed a scorpion
  1672 | D:2      | Reached XP level 4. HP: 26/41 MP: 3/3
  2079 | D:3      | Reached XP level 5. HP: 27/47 MP: 4/4
  2491 | D:3      | Found a radiant altar of Vehumet.
  2491 | D:3      | Found a broken altar of Ashenzari.
  2492 | D:3      | Noticed an ogre
  2498 | D:3      | Killed an ogre
  2499 | D:3      | Reached skill level 5 in Fighting
  2499 | D:3      | Reached skill level 5 in Armour
  2499 | D:3      | Reached skill level 5 in Shields
  2713 | D:3      | Reached XP level 6. HP: 40/56 MP: 5/5
  3147 | D:3      | Found a burning altar of Makhleb.
  3156 | D:3      | Found a glowing golden altar of the Shining One.
  3312 | D:4      | Reached XP level 7. HP: 29/62 MP: 3/6
  3316 | D:4      | Reached skill level 5 in Axes
  3573 | D:4      | HP: 3/62 [gnoll/+0 spear (2)]
  3573 | D:4      | HP: 1/62 [jelly (2)]
  3573 | D:4      | Splashed by a jelly's acid

Illustrated notes

Levels and vault maps discovered:
D:1:      lightli_arrival_quake, layout_basic,
          shapermc_ecumenical_altar_mp_ritualfount, grunt_decor_arrowhead,
          minmay_crystal_room, minmay_misc_feat_square
D:2:      layout_basic, basic_altar, nicolae_figureground_pulse
D:3:      minmay_diamond_boxcup, layout_basic, mainiacjoe_overflow_swirl,
          jmf_multi_god_temple
D:4:      layout_basic, minmay_temple_entry_poolview

Skill      XL: |  1  2  3  4  5  6  7 |
---------------+----------------------+-----
Armour         | 4 5 |  5.8
Fighting       | 4 5 |  5.8
Shields        | 4 5 |  5.8
Axes           | 3 4 5 |  5.1

Action                   |  1- 3 |  4- 6 |  7- 9 || total
-------------------------+-------+-------+-------++-------
Melee: War axe           |    96 |   112 |     9 ||   217
       Headbutt          |     6 |    14 |     3 ||    23
  Use: Scroll            |       |     9 |     1 ||    10
Armor: Scale mail        |    52 |    45 |    11 ||   108
Dodge: Dodged            |    50 |    59 |    10 ||   119
Block: Buckler           |    23 |    28 |     2 ||    53

Table legend: (Time is in decaauts)
 A = Elapsed time spent in this place.
 B = Non-inter-level travel time spent in this place.
 C = Inter-level travel time spent in this place.
 D = Time resting spent in this place.
 E = Time spent auto-exploring this place.
 F = Levels seen in this place.
 G = Mean time per level.
                   A        B        C        D        E       F      G
               +--------+--------+--------+--------+--------+-----+--------+
         Total |   3651 |   3555 |     96 |    452 |   2373 |   4 |  912.8 |
       Dungeon |   3651 |   3555 |     96 |    452 |   2373 |   4 |  912.8 |
               +--------+--------+--------+--------+--------+-----+--------+

Top non-repeatable levels by time:
     D:1: 1196 daAuts
     D:3: 1174 daAuts
     D:2: 879 daAuts
     D:4: 401 daAuts
